PBL
TROIS-RIVERES AIGLES @ LONDON MAJORS
09/14/2044
 
TOP OF THE 1ST
Trois-Riveres Aigles batting - Pitching for London Majors : RHP Brad Harth
Pitching: RHP Brad Harth
Batting: LHB Harris Vink 0-0: DOUBLE (Groundball, 3L, EV 95.0 MPH)
Batting: SHB Joshua Jackson 0-0: Ball
1-0: Ball
2-0: Called Strike
2-1: Ball
3-1: Hit by Pitch
Batting: LHB Darryl Gonnella 0-0: Fly out, F8 (Flyball, 8RS, EV 88.1 MPH)
Batting: RHB Sesto Carpini 0-0: Called Strike
0-1: Ball
1-1: Ball
2-1: Foul Ball, location: 2F
2-2: Strikes out swinging
Batting: RHB Jose Arriola 0-0: Called Strike
0-1: Ball
1-1: SINGLE (Line Drive, 9S, EV 105.6 MPH)
Harris Vink to third
Joshua Jackson to second
Batting: RHB Dave Galloway 0-0: Called Strike
0-1: Ball
1-1: Fly out, F7 (Flyball, 7D, EV 86.9 MPH)
Top of the 1st over - 0 runs, 2 hits, 0 errors, 3 left on base; Trois-Riveres 0 - London 0
BOTTOM OF THE 1ST
London Majors batting - Pitching for Trois-Riveres Aigles : RHP Jaime Astacio
Pitching: RHP Jaime Astacio
Batting: RHB Luis Gomez 0-0: Called Strike
0-1: Ball
1-1: Ball
2-1: Called Strike
2-2: Fly out, F8 (Flyball, 8RM, EV 74.4 MPH)
Batting: RHB Brock Van Gilder 0-0: Ball
1-0: Ball
2-0: Foul Ball, location: 2F
2-1: Swinging Strike
2-2: Strikes out swinging
Batting: RHB Frank Caulfield 0-0: Foul Ball, location: 2F
0-1: SINGLE (Flyball, 34D, EV 89.4 MPH)
Batting: LHB Kurt Estep 0-0: Ball
Frank Caulfield steals 2nd base (no throw)
1-0: SINGLE (Groundball, 56S, EV 68.1 MPH) (infield hit)
Frank Caulfield to third
Batting: RHB Bill Murray 0-0: Foul Ball, location: 2F
0-1: Ball
1-1: Called Strike
1-2: Fly out, F3 (Popup, 34S, EV 80.0 MPH)
Bottom of the 1st over - 0 runs, 2 hits, 0 errors, 2 left on base; Trois-Riveres 0 - London 0
TOP OF THE 2ND
Trois-Riveres Aigles batting - Pitching for London Majors : RHP Brad Harth
Batting: RHB Nelle Lommen 0-0: Called Strike
0-1: Ball
1-1: Foul Ball, location: 2F
1-2: Foul Ball, location: 2F
1-2: Foul Ball, location: 2F
1-2: Strikes out swinging
Batting: RHB Jason Penfield 0-0: Foul Ball, location: 2F
0-1: Swinging Strike
0-2: Foul Ball, location: 2F
0-2: Strikes out looking
Batting: RHB Josh Harmon 0-0: Ball
1-0: Called Strike
1-1: SINGLE (Groundball, 6MD, EV 96.2 MPH)
Batting: LHB Harris Vink 0-0: Called Strike
0-1: Foul Ball, location: 2F
0-2: Ball
1-2: Ball
2-2: Ball
3-2: Strikes out looking
Top of the 2nd over - 0 runs, 1 hit, 0 errors, 1 left on base; Trois-Riveres 0 - London 0
BOTTOM OF THE 2ND
London Majors batting - Pitching for Trois-Riveres Aigles : RHP Jaime Astacio
Batting: RHB Bobby Lasaguna 0-0: Called Strike
0-1: Foul Ball, location: 2F
0-2: Strikes out swinging
Batting: LHB Eric Toney 0-0: Ball
1-0: DOUBLE (Line Drive, 9LS, EV 103.8 MPH)
Batting: RHB Terry Plumley 0-0: Foul Ball, location: 2F
0-1: SINGLE (Groundball, 56D, EV 96.9 MPH)
Eric Toney to third
Runner from 3rd tries for Home, SAFE, throw by LF to home
Batting: RHB Bobby Roldan 0-0: Called Strike
0-1: Foul Ball, location: 2F
0-2: Ground out 6-3 (Groundball, P, EV 89.4 MPH)
Terry Plumley to second
Batting: RHB Luis Gomez 0-0: Called Strike
0-1: Ball
1-1: Foul Ball, location: 2F
1-2: Ball
2-2: Fly out, F7 (Flyball, 7LM, EV 88.1 MPH)
Bottom of the 2nd over - 1 run, 2 hits, 0 errors, 1 left on base; Trois-Riveres 0 - London 1
TOP OF THE 3RD
Trois-Riveres Aigles batting - Pitching for London Majors : RHP Brad Harth
Batting: SHB Joshua Jackson 0-0: Ball
1-0: Bunt for hit to 23 - play at first, batter OUT! 3-4
Batting: LHB Darryl Gonnella 0-0: Fly out, F8 (Flyball, 8RS, EV 89.4 MPH)
Batting: RHB Sesto Carpini 0-0: Ball
1-0: Ground out 3-1 (Groundball, 34S, EV 83.1 MPH)
Top of the 3rd over - 0 runs, 0 hits, 0 errors, 0 left on base; Trois-Riveres 0 - London 1
BOTTOM OF THE 3RD
London Majors batting - Pitching for Trois-Riveres Aigles : RHP Jaime Astacio
Batting: RHB Brock Van Gilder 0-0: Ball
1-0: Ground out 5-3 (Groundball, 56, EV 101.9 MPH)
Batting: RHB Frank Caulfield 0-0: Called Strike
0-1: Ball
1-1: Called Strike
1-2: Ball
2-2: DOUBLE (Line Drive, 9LD, EV 106.9 MPH)
Batting: LHB Kurt Estep 0-0: Ground out 4-3 (Groundball, 4, EV 102.5 MPH)
Frank Caulfield to third
Batting: RHB Bill Murray 0-0: Ground out 4-3 (Groundball, 4, EV 97.5 MPH)
Bottom of the 3rd over - 0 runs, 1 hit, 0 errors, 1 left on base; Trois-Riveres 0 - London 1
TOP OF THE 4TH
Trois-Riveres Aigles batting - Pitching for London Majors : RHP Brad Harth
Batting: RHB Jose Arriola 0-0: Ground out 4-3 (Groundball, 4, EV 87.5 MPH)
Batting: RHB Dave Galloway 0-0: Ball
1-0: Foul Ball, location: 2F
1-1: Ground out 6-3 (Groundball, 6, EV 100.0 MPH)
Batting: RHB Nelle Lommen 0-0: Ground out 6-3 (Groundball, 56, EV 102.5 MPH)
Top of the 4th over - 0 runs, 0 hits, 0 errors, 0 left on base; Trois-Riveres 0 - London 1
BOTTOM OF THE 4TH
London Majors batting - Pitching for Trois-Riveres Aigles : RHP Jaime Astacio
Batting: RHB Bobby Lasaguna 0-0: Ball
1-0: Called Strike
1-1: Called Strike
1-2: Ground out 6-3 (Groundball, 6, EV 103.8 MPH)
Batting: LHB Eric Toney 0-0: Called Strike
0-1: Ball
1-1: Ground out 1-3 (Groundball, 13S, EV 63.8 MPH)
Batting: RHB Terry Plumley 0-0: Ball
1-0: Called Strike
1-1: DOUBLE (Line Drive, 78D, EV 102.5 MPH)
Batting: RHB Bobby Roldan 0-0: Swinging Strike
0-1: Ball
1-1: Foul Ball, location: 2F
1-2: Ball
2-2: Strikes out looking
Bottom of the 4th over - 0 runs, 1 hit, 0 errors, 1 left on base; Trois-Riveres 0 - London 1
TOP OF THE 5TH
Trois-Riveres Aigles batting - Pitching for London Majors : RHP Brad Harth
Batting: RHB Jason Penfield 0-0: Ball
1-0: Called Strike
1-1: Ball
2-1: Fly out, F9 (Flyball, 8RS, EV 93.1 MPH)
Batting: RHB Josh Harmon 0-0: Swinging Strike
0-1: Ball
1-1: Fly out, F8 (Flyball, 8LM, EV 86.2 MPH)
Batting: LHB Harris Vink 0-0: Ball
1-0: Ball
2-0: Called Strike
2-1: Foul Ball, location: 2F
2-2: Strikes out swinging
Top of the 5th over - 0 runs, 0 hits, 0 errors, 0 left on base; Trois-Riveres 0 - London 1
BOTTOM OF THE 5TH
London Majors batting - Pitching for Trois-Riveres Aigles : RHP Jaime Astacio
Batting: RHB Luis Gomez 0-0: Foul Ball, location: 2F
0-1: Ball
1-1: SINGLE (Line Drive, 89S, EV 106.2 MPH)
Batting: RHB Brock Van Gilder 0-0: Ball
Luis Gomez is caught stealing 2nd base 2-4
1-0: SINGLE (Popup, 3D, EV 64.4 MPH)
Batting: RHB Frank Caulfield 0-0: Ball
Brock Van Gilder is caught stealing 2nd base 2-4
1-0: Ball
2-0: Ground out 5-3 (Groundball, 5, EV 107.5 MPH)
Bottom of the 5th over - 0 runs, 2 hits, 0 errors, 0 left on base; Trois-Riveres 0 - London 1
TOP OF THE 6TH
Trois-Riveres Aigles batting - Pitching for London Majors : RHP Brad Harth
Batting: SHB Joshua Jackson 0-0: Foul Ball, location: 2F
0-1: Ball
1-1: Ball
2-1: Fly out, F8 (Flyball, 89XD, EV 96.9 MPH)
Batting: LHB Darryl Gonnella 0-0: Called Strike
0-1: Foul Ball, location: 2F
0-2: Ball
1-2: Ball
2-2: SINGLE (Line Drive, 34D, EV 100.0 MPH)
Batting: RHB Sesto Carpini 0-0: 2-RUN HOME RUN (Flyball, 7D, EV 98.8 MPH), Distance : 407 ft
Batting: RHB Jose Arriola 0-0: Fly out, F7 (Flyball, 7S, EV 93.1 MPH)
Batting: RHB Dave Galloway 0-0: Ball
1-0: Called Strike
1-1: Ball
2-1: Ball
3-1: SINGLE (Groundball, 6D, EV 99.4 MPH)
Batting: RHB Nelle Lommen 0-0: Called Strike
0-1: Ball
1-1: Ball
2-1: Ground out 5-3 (Groundball, 56S, EV 82.5 MPH)
Top of the 6th over - 2 runs, 3 hits, 0 errors, 1 left on base; Trois-Riveres 2 - London 1
BOTTOM OF THE 6TH
London Majors batting - Pitching for Trois-Riveres Aigles : RHP Jaime Astacio
Batting: LHB Kurt Estep 0-0: Ball
1-0: Ball
2-0: DOUBLE (Flyball, 8RXD, EV 105.0 MPH)
Batting: RHB Bill Murray 0-0: Fly out, F7 (Flyball, 7S, EV 85.6 MPH)
Batting: RHB Bobby Lasaguna 0-0: Ball
1-0: Ball
2-0: Fly out, F9 (Flyball, 9LS, EV 92.5 MPH)
Batting: LHB Eric Toney 0-0: Foul Ball, location: 2F
0-1: Ball
1-1: 2-RUN HOME RUN (Line Drive, 9D, EV 109.4 MPH), Distance : 438 ft
Batting: RHB Terry Plumley 0-0: Ground out 6-3 (Groundball, 6, EV 95.6 MPH)
Bottom of the 6th over - 2 runs, 2 hits, 0 errors, 0 left on base; Trois-Riveres 2 - London 3
TOP OF THE 7TH
Trois-Riveres Aigles batting - Pitching for London Majors : RHP Brad Harth
Now in LF: Bryan Mattis
Pinch Hitting: LHB Dave Northam 0-0: Called Strike
0-1: Ball
1-1: Ball
2-1: Ground out 6-3 (Groundball, 6M, EV 100.0 MPH)
Batting: LHB Oscar Curiel 0-0: Foul Ball, location: 2F
0-1: Foul Ball, location: 2F
0-2: Ball
1-2: Ball
2-2: Foul Ball, location: 2F
2-2: Ground out 4-3 (Groundball, 4, EV 80.0 MPH)
Batting: LHB Harris Vink 0-0: Ground out 5-3 (Groundball, 56, EV 105.6 MPH)
Top of the 7th over - 0 runs, 0 hits, 0 errors, 0 left on base; Trois-Riveres 2 - London 3
BOTTOM OF THE 7TH
London Majors batting - Pitching for Trois-Riveres Aigles : RHP Jaime Astacio
Now at 3B: Dave Reynoso
Pinch Hitting: RHB Stephen Casteel 0-0: Ball
1-0: Foul Ball, location: 2F
1-1: Fly out, F8 (Line Drive, 8LD, EV 90.0 MPH)
Batting: RHB Luis Gomez 0-0: Called Strike
0-1: DOUBLE (Groundball, 5L, EV 101.2 MPH)
Batting: RHB Brock Van Gilder 0-0: Ball
1-0: Swinging Strike
1-1: Ball
2-1: Ball
3-1: Foul Ball, location: 2F
3-2: Foul Ball, location: 2F
3-2: Foul Ball, location: 2F
3-2: Foul Ball, location: 2F
3-2: TRIPLE (Flyball, 89XD, EV 106.2 MPH)
Luis Gomez scores
Batting: RHB Frank Caulfield 0-0: Called Strike
0-1: Ground out 5-3 (Groundball, 56S, EV 87.5 MPH)
Brock Van Gilder scores
Batting: LHB Kurt Estep 0-0: Ball
1-0: Foul Ball, location: 2F
1-1: Foul Ball, location: 2F
1-2: Ball
2-2: Ball
3-2: Foul Ball, location: 2F
3-2: Strikes out swinging
Bottom of the 7th over - 2 runs, 2 hits, 0 errors, 0 left on base; Trois-Riveres 2 - London 5
TOP OF THE 8TH
Trois-Riveres Aigles batting - Pitching for London Majors : RHP Brad Harth
Now at 2B: Stephen Casteel
Now at SS: Frank Caulfield
Batting: SHB Joshua Jackson 0-0: Ball
1-0: Ball
2-0: Called Strike
2-1: Foul Ball, location: 2F
2-2: Hit by Pitch
Batting: LHB Darryl Gonnella 0-0: Called Strike
0-1: Ball
1-1: Foul Ball, location: 2F
1-2: Ball
2-2: Foul Ball, location: 2F
2-2: Ball
3-2: Fly out, F9 (Flyball, 89M, EV 93.1 MPH)
Pitching: LHP Mario Amore
Batting: RHB Sesto Carpini 0-0: Ball
1-0: Ball
2-0: Called Strike
2-1: Foul Ball, location: 2F
2-2: Foul Ball, location: 2F
2-2: Fielders Choice at 2nd, 4-6 (Groundball, 34, EV 88.1 MPH)
Batting: RHB Jose Arriola 0-0: Ball
1-0: Ball
2-0: Foul Ball, location: 2F
2-1: Swinging Strike
2-2: Foul Ball, location: 2F
2-2: Ball
3-2: Strikes out swinging
Top of the 8th over - 0 runs, 0 hits, 0 errors, 1 left on base; Trois-Riveres 2 - London 5
BOTTOM OF THE 8TH
London Majors batting - Pitching for Trois-Riveres Aigles : RHP Jaime Astacio
Pitching: RHP David Hardy
Batting: RHB Bryan Mattis 0-0: Called Strike
0-1: Swinging Strike
0-2: Ball
1-2: Fly out, F7 (Flyball, 78M, EV 76.9 MPH)
Batting: RHB Bobby Lasaguna 0-0: Ball
1-0: Fly out, F7 (Flyball, 7, EV 96.9 MPH)
Batting: LHB Eric Toney 0-0: Ball
1-0: Ball
2-0: Fly out, F8 (Flyball, 8RM, EV 95.0 MPH)
Bottom of the 8th over - 0 runs, 0 hits, 0 errors, 0 left on base; Trois-Riveres 2 - London 5
TOP OF THE 9TH
Trois-Riveres Aigles batting - Pitching for London Majors : LHP Mario Amore
Batting: RHB Dave Galloway 0-0: Fly out, F4 (Popup, 34, EV 70.6 MPH)
Batting: RHB Nelle Lommen 0-0: Ball
1-0: Ball
2-0: Swinging Strike
2-1: Foul Ball, location: 2F
2-2: Strikes out swinging
Batting: SHB Dave Reynoso 0-0: Called Strike
0-1: Foul Ball, location: 2F
0-2: Strikes out swinging
Top of the 9th over - 0 runs, 0 hits, 0 errors, 0 left on base; Trois-Riveres 2 - London 5
Thursday, March 31st , 2022 - OOTP Baseball 22.12 Build 89